 Dungeon Crawl Stone Soup version 0.31-a0-145-g046c7d2549 (webtiles) character file.

Game seed: 12125596113823542354

148 kae the Changer (level 5, -10/40 HPs)
             Began as a Draconian Transmuter on June 6, 2023.
             Mangled by a hobgoblin
             ... wielding the +9 dagger of Responsibility {elec, rC+}
              (15 damage)
             ... on level 3 of the Dungeon.
             The game lasted 00:02:12 (3103 turns).

kae the Changer (Draconian Transmuter)              Turns: 3103, Time: 00:02:13

Health: -10/40     AC:  6    Str: 13    XL:     5   Next: 8%
Magic:  8/9        EV: 12    Int: 15    God:
Gold:   176        SH:  0    Dex: 11    Spells: 4/10 levels left

rFire   . .          .
                       - Unarmed
rCold   . . .        (no shield)
rNeg    . . .        (body armour unavailable)
rPois   .            (helmet currently unavailable)
rElec   .            k - +0 cloak
rCorr   .            (no gloves)
SInv    +            (boots currently unavailable)
Will    .....        (no amulet)
Stlth   +            v - ring of see invisible
HPRegen 0.26/turn    (no ring)
MPRegen 0.11/turn

%: no passive effects
@: appendages
A: horns 2, talons 2, AC +5, unfitting armour, cold-blooded
a: End Transformation


You were on level 3 of the Dungeon.
You had temporarily grown beastly horns and talons.
You visited 1 branch of the dungeon, and saw 3 of its levels.

You collected 176 gold pieces.


Innate Abilities, Weirdness & Mutations

You have temporarily grown beastly horns and talons.
Your plain brown scales are hard. (AC +5)
You cannot fit into any form of body armour.
You are cold-blooded and may be slowed by cold attacks.


   Skills:
 - Level 1.1 Fighting
 - Level 1.7 Dodging
 - Level 3.0 Unarmed Combat
 + Level 3.1 Spellcasting
 * Level 4.2 Transmutations
 * Level 1.5 Poison Magic


You had 4 spell levels left.
You knew the following spells:

 Your Spells              Type           Power      Damage    Failure   Level
a - Beastly Appendage     Tmut           28%        N/A       3%          1
b - Wereblood             Tmut           14%        N/A       5%          2
c - Spider Form           Tmut/Pois      10%        N/A       19%         3

Your spell library contained the following spells:

 Spells                   Type           Power      Damage    Failure   Level
 Blink                    Tloc           4%         N/A       30%         2
 Lesser Beckoning         Tloc           4%         N/A       30%         2
 Sublimation of Blood     Necr           2%         N/A       30%         2
 Dazzling Flash           Conj/Hex       4%         N/A       52%         3
 Gell's Gravitas          Tloc           2%         N/A       52%         3
 Teleport Other           Tloc           2%         N/A       52%         3
 Ice Form                 Ice/Tmut       8%         N/A       63%         4
 Manifold Assault         Tloc           2%         N/A       89%         4
 Agony                    Necr           2%         N/A       99%         5
 Silence                  Hex/Air        1%         N/A       99%         5
 Storm Form               Tmut/Air       4%         N/A       100%        7
 Summon Hydra             Summ           1%         N/A       100%        7

Inventory:

Missiles
 b - 13 poisoned darts
 d - 34 stones
 g - 2 boomerangs
 m - a throwing net {=f!f}
Armour
 k - a +0 cloak (worn)
   (You took it off Crazy Yiuf on level 2 of the Dungeon)
Magical Staves
 f - a staff of conjuration {!a}
   (You found it on level 1 of the Dungeon)
Jewellery
 v - a ring of see invisible (left hand)
   (You took it off a goblin on level 2 of the Dungeon)
Scrolls
 e - 2 scrolls of teleportation {@r4}
 l - a scroll of identify {@r1}
Potions
 a - 2 potions of lignification {!q}
 c - a potion of invisibility
 h - a potion of heal wounds {unknown}
 i - a potion of brilliance
 j - a potion of ambrosia
 n - 2 potions of curing {unknown}

Dungeon Overview and Level Annotations

Branches:
Dungeon (3/15) Zot: 14905

Altars:

Shops:
D:1

=
#...##.................>........#
..⌠..'.#...##.#..#.####...#####.#
#...##.###.##.#..#.# #.#'# #.#
##.###.# #.[..#..#.# ###)## #.#
.### #.# ###..#..#.#####...## #.#
..####.# ##.#..#...##.....###.#
..'....# #....#.#.....♣†..'..#
..###.## #....#.#####...###..#
.####.## #.#.@#.# #...# ##.#
##.##..# #.#..g.# #.<.# #.#
#...##.# #.#....## #...# #.#
..⌠..†.# #.#..#..####...####.#
#...##.# #.#..#.......♣...'..#
##.###.# #.####.####.....###.#
.###...# #..)....#.##...## #.#
..#..### ############..##.## #.#
.†'.## #..............#.## #.#


You could see a hobgoblin.


Message History

The ball python misses you. The ball python barely misses you.
There is an open door here.
Unknown command.
You hit the ball python.
You kill the ball python!
You see here a ball python corpse.
Unknown command.
As you open the door, it creaks loudly! 😎 MP[+1] Unknown command.
Your transformation is almost over.
There is an open door here.
You open the door.
Your transformation has ended.
Your +0 cloak unmelds from your body. 😎 MP[+1]
There is an open door here.
You open the door.
There is an open door here.
There is an open door here.
There is a dry fountain here.
As you open the door, it creaks loudly! 😎 MP[+1]
Your mp is fully restored (9).
There is an open door here.
You open the door.
A hobgoblin comes into view.
The hobgoblin shouts!
Unknown command.
A hobgoblin is nearby!
A hobgoblin is nearby!
Casting: Spider Form (quite dangerous; 19% risk of failure)
Confirm with . or Enter, or press ? or * to list all spells.
The spell is quite dangerous to miscast (19% risk of failure)!
Continue anyway? [Y]es or [N]o only, please.
The spell is quite dangerous to miscast (19% risk of failure)!
Continue anyway?
You turn into a venomous arachnid creature.
Your +0 cloak melds into your body. 😎 MP[-3]
You lost 3 mp, and now have 6/9 mp.
There is an open door here.
You hit the hobgoblin but do no damage.
The hobgoblin is poisoned.
The hobgoblin misses you.
You hit the hobgoblin.
You kill the hobgoblin!
No target in view!
Your transformation is almost over.
There is an open door here.
There is a dry fountain here.
Your transformation has ended.
Your +0 cloak unmelds from your body. 😎 MP[+2]
You regained 2 mp, and now have 8/9 mp.
There is an open door here.
You see here a +0 club.
There is a stone staircase leading down here.
You open the door.
There is an open door here.
You open the door.
There is an open door here.
There is an open door here.
You open the door.
There is an open door here.
There is an open door here.
There is an open door here.
There is an open door here.
There is an open door here.
There is an open door here.
Things that are here:
a +0 hand axe; a +0 scale mail
Things that are here:
a +0 dagger; a +0 leather armour; a +0 dagger You see here an orb of guile.
Key pressed, stopping explore.
A hobgoblin comes into view.
It is wielding the +9 dagger of Responsibility {elec, rC+}. 😎 MP[+1]
Your mp is fully restored (9).
Unknown command.
A hobgoblin is nearby!
A hobgoblin is nearby!
The hobgoblin hits you with the +9 dagger of Responsibility {elec, rC+}!
You are too injured to fight recklessly! 😮 HP[-14]
You take 14 damage, and now have 26/40 hp.
MASSIVE DAMAGE!! (PAUSE) Unknown command.
You hit the hobgoblin.
Your tail-slap misses the hobgoblin.
The hobgoblin hits you with the +9 dagger of Responsibility {elec, rC+}!
* * * LOW HITPOINT WARNING * * *
😨 HP[-6]
You take 6 damage, and now have 20/40 hp.
Casting: Spider Form (quite dangerous; 19% risk of failure)
Confirm with . or Enter, or press ? or * to list all spells.
You grow a pair of large bovine horns.
Your feet morph into talons.
The hobgoblin hits you with the +9 dagger of Responsibility {elec, rC+}.
* * * LOW HITPOINT WARNING * * *
The hobgoblin hits you with the +9 dagger of Responsibility {elec, rC+}!
* * * LOW HITPOINT WARNING * * *
You are electrocuted!
You die...

Skill      XL: |  1  2  3  4 |
---------------+-------------+-----
Transmutations | 3 4 |  4.2
Spellcasting   | 3 |  3.1
Poison Magic   | 1 |  1.5
Fighting       | |  1.1
Dodging        | |  1.7
Unarmed Combat | |  3.0

Action                     |  1- 3 |  4- 6 || total
---------------------------+-------+-------++-------
  Melee: Unarmed           |    84 |    47 ||   131
         Kick              |    11 |     4 ||    15
         Tailslap          |     7 |     4 ||    11
         Headbutt          |     6 |     5 ||    11
   Cast: Beastly Appendage |    17 |    10 ||    27
         Spider Form       |     2 |     4 ||     6
    Use: Scroll            |     2 |     4 ||     6
   Stab: Sleeping          |     1 |       ||     1
 Armour: Skin              |    27 |    16 ||    43
  Dodge: Dodged            |    52 |    29 ||    81

Levels and vault maps discovered:
D:1:      dpeg_chamrin_arrival_tetris, layout_basic,
          shapermc_ecumenical_altar_pompeii, nicolae_shop_unique_rings
D:2:      layout_rooms, uniq_crazy_yiuf_cottage
D:3:      layout_basic, nicolae_hexahallways, grunt_ministairs_15

Notes
Turn   | Place    | Note
-------+----------+-------------------------------------------
     0 | D:1      | kae the Draconian Transmuter began the quest for the Orb.
     0 | D:1      | Reached XP level 1. HP: 16/16 MP: 3/3
     0 | D:1      | magus.rc [v1.11.3]
   465 | D:1      | Reached XP level 2. HP: 20/23 MP: 3/5
   495 | D:1      | Found a faded altar of an unknown god.
   740 | D:1      | Found Vyicoif's One-of-a-Kind Rings.
   818 | D:1      | You pick up a book of Displacement and begin reading...
   818 | D:1      | You add the spells Lesser Beckoning, Gell's Gravitas and
                  | Teleport Other to your library.
  1142 | D:1      | You pick up a book of Blood and begin reading...
  1142 | D:1      | You add the spells Sublimation of Blood and Summon Hydra to
                  | your library.
  1374 | D:2      | Reached skill level 3 in Transmutations
  1406 | D:2      | Learned a level 2 spell: Wereblood
  1452 | D:2      | Reached XP level 3. HP: 22/28 MP: 6/6
  1456 | D:2      | Learned a level 3 spell: Spider Form
  1456 | D:2      | magus.rc [v1.11.3]
  1861 | D:2      | Found a runed translucent door.
  1862 | D:2      | Noticed Crazy Yiuf
  2014 | D:2      | Killed Crazy Yiuf
  2015 | D:2      | Reached XP level 4. HP: 35/35 MP: 0/8
  2084 | D:3      | Identified the +10 quarterstaff of Indomitability {freeze,
                  | Contam Will++ rCorr Int+3}
  2494 | D:3      | You add the spells Blink, Manifold Assault and Storm Form
                  | to your library.
  2808 | D:3      | You pick up a book of the Senses and begin reading...
  2808 | D:3      | You add the spells Dazzling Flash, Agony and Silence to
                  | your library.
  2879 | D:3      | Noticed a scorpion
  2887 | D:3      | Killed a scorpion
  2888 | D:3      | Reached skill level 3 in Spellcasting
  2888 | D:3      | Reached skill level 4 in Transmutations
  2888 | D:3      | Reached skill level 1 in Poison Magic
  2888 | D:3      | Reached XP level 5. HP: 37/40 MP: 5/9
  3099 | D:3      | Identified the +9 dagger of Responsibility {elec, rC+}
  3103 | D:3      | HP: 5/40 [hobgoblin/the +9 dagger of Responsibility {elec,
                  | rC+} (11)]
  3103 | D:3      | Mangled by a hobgoblin

Vanquished Creatures
  A scorpion (D:3)
  Crazy Yiuf (D:2)
  An adder (D:2)
  3 dart slugs
  3 orcs (D:3)
  2 ball pythons
  3 bats
  5 endoplasms
  A giant cockroach (D:3)
  4 goblins
  6 hobgoblins
  5 kobolds
  2 quokkas (D:1)
  5 rats
42 creatures vanquished.

Table legend:
 A = Non-vault XP
 B = Vault XP
 C = Vault XP percentage of total XP
 D = Non-vault monster count
 E = Vault monster count
 F = Vault count percentage of total count
                 A         B        C        D         E       F
            +---------+---------+-------+---------+---------+-------
      Total |     169 |      43 |  20.3 |      39 |       3 |   7.1
            +---------+---------+-------+---------+---------+-------
        D:1 |      23 |       0 |   0.0 |      11 |       0 |   0.0
        D:2 |      34 |      40 |  54.1 |      13 |       1 |   7.1
        D:3 |     112 |       3 |   2.6 |      15 |       2 |  11.8
            +---------+---------+-------+---------+---------+-------

Skill      XL: |  1  2  3  4 |
---------------+-------------+-----
Transmutations | 3 4 |  4.2
Spellcasting   | 3 |  3.1
Poison Magic   | 1 |  1.5
Fighting       | |  1.1
Dodging        | |  1.7
Unarmed Combat | |  3.0

Action                     |  1- 3 |  4- 6 || total
---------------------------+-------+-------++-------
  Melee: Unarmed           |    84 |    47 ||   131
         Kick              |    11 |     4 ||    15
         Tailslap          |     7 |     4 ||    11
         Headbutt          |     6 |     5 ||    11
   Cast: Beastly Appendage |    17 |    10 ||    27
         Spider Form       |     2 |     4 ||     6
    Use: Scroll            |     2 |     4 ||     6
   Stab: Sleeping          |     1 |       ||     1
 Armour: Skin              |    27 |    16 ||    43
  Dodge: Dodged            |    52 |    29 ||    81

Illustrated notes

Table legend:
 A = Kills in this place as a percentage of kills in the entire game.
 B = Kills by you in this place as a percentage of kills by you in the entire game.
 C = Kills by friends in this place as a percentage of kills by friends in the entire game.
 D = Other kills in this place as a percentage of other kills in the entire game.
 E = Experience gained in this place as a percentage of experience gained in the entire game.
 F = Experience gained in this place divided by the number of levels of this place that you have seen.
                   A       B       C       D       E      F
               +-------+-------+-------+-------+-------+----------------------
         Total | 100.0 | 100.0 |   N/A |   N/A | 100.0 |  70.7
       Dungeon | 100.0 | 100.0 |   N/A |   N/A | 100.0 |  70.7
               +-------+-------+-------+-------+-------+----------------------

Table legend: (Time is in decaauts)
 A = Elapsed time spent in this place.
 B = Non-inter-level travel time spent in this place.
 C = Inter-level travel time spent in this place.
 D = Time resting spent in this place.
 E = Time spent auto-exploring this place.
 F = Levels seen in this place.
 G = Mean time per level.
                   A        B        C        D        E       F      G
               +--------+--------+--------+--------+--------+-----+--------+
         Total |   3093 |   3034 |     59 |     37 |   2609 |   3 | 1031.0 |
       Dungeon |   3093 |   3034 |     59 |     37 |   2609 |   3 | 1031.0 |
               +--------+--------+--------+--------+--------+-----+--------+

Top non-repeatable levels by time:
     D:1: 1198 daAuts
     D:3: 1062 daAuts
     D:2: 833 daAuts
